 Dungeon Crawl Stone Soup version 0.23-a0-650-ga4d50d4 (webtiles) character file.

5008 XomisBORING the Spear-Bearer (level 10, -4/79 HPs)
             Began as a Centaur Chaos Knight on Jan 5, 2019.
             Was a Priest of Okawaru.
             Slain by an ogre
             ... wielding a +0 giant club
              (19 damage)
             ... on level 8 of the Dungeon.
             The game lasted 00:33:03 (9494 turns).

XomisBORING the Spear-Bearer (Centaur Chaos Knight) Turns: 9494, Time: 00:33:04

Health: -4/79      AC: 18    Str: 22      XL:     10   Next: 29%
Magic:  13/13      EV:  6    Int: 11      God:    Okawaru [***...]
Gold:   542        SH:  0    Dex:  7 (9)  Spells: 9/9 levels left

rFire    + . .     SeeInvis .   v - +4 scythe (slice)
rCold    + . .     Gourm    .   (shield currently unavailable)
rNeg     . . .     Faith    .   D - +1 chain mail
rPois    +         Spirit   .   (no helmet)
rElec    .         Reflect  .   u - +2 cloak
rCorr    .         Harm     .   i - +2 pair of gloves
MR       .....                  (no barding)
Stlth    ..........             t - amulet of the acrobat
HPRegen  0.23/turn              d - ring of protection from fire
MPRegen  0.13/turn              N - ring of protection from cold

@: very quick
A: large, hooves 3, rugged brown scales 1, blurry vision 1, deformed body, speed
2, poison resistance, strong 2, tough skin 3
a: Heroism, Renounce Religion


You were on level 8 of the Dungeon.
You worshipped Okawaru.
Okawaru was most pleased with you.
You were not hungry.

You visited 1 branch of the dungeon, and saw 8 of its levels.

You collected 542 gold pieces.

Inventory:

Hand Weapons
 a - a +0 spear of chaos
 p - a +0 halberd of freezing
 v - a +4 scythe of slicing (weapon)
 G - a +0 trident
Missiles
 k - 8 tomahawks (quivered)
 M - 14 arrows
 O - 2 poisoned tomahawks
Armour
 i - a +2 pair of gloves (worn)
 u - a +2 cloak (worn)
 D - a +1 chain mail (worn)
 I - a scarf of cloud immunity
Jewellery
 d - a ring of protection from fire (left hand)
 t - an amulet of the acrobat (around neck)
 N - a ring of protection from cold (right hand)
Wands
 b - a wand of polymorph (9)
 q - a wand of random effects (24)
 x - a wand of digging (7)
 H - a wand of disintegration (15)
Scrolls
 h - a scroll of noise {unknown}
 j - 2 scrolls of identify
 s - a scroll of random uselessness {unknown}
 w - 3 scrolls of amnesia
 y - 5 scrolls of immolation
 A - 3 scrolls of fear
 C - 2 scrolls of teleportation
 F - a scroll of magic mapping {unknown}
 J - 3 scrolls of fog
Potions
 e - 4 potions of curing
 f - 4 potions of flight
 g - 2 potions of mutation
 l - a potion of invisibility {unknown}
 m - a potion of brilliance {unknown}
 n - a potion of might
 o - a potion of heal wounds
 r - a potion of magic {unknown}
 z - a potion of agility {unknown}
 B - 2 potions of haste
 E - a potion of resistance {unknown}
 K - 2 potions of lignification
 L - a potion of degeneration {unknown}
 P - a potion of berserk rage {unknown}
Comestibles
 c - 12 rations


   Skills:
 - Level 3.0 Fighting
 + Level 10.5 Polearms
 * Level 7.3 Armour
 - Level 0.6 Dodging
 * Level 5.0 Invocations


You had 9 spell levels left.
You didn't know any spells.
Your spell library contained the following spells:

 Spells                   Type           Power        Failure   Level  Hunger
 Beastly Appendage        Tmut           #.....       94%         1    ##.....
 Freeze                   Ice            #...         94%         1    ##.....
 Shock                    Conj/Air       #...         94%         1    ##.....
 Sticks to Snakes         Tmut           #.......     98%         2    ###....
 Swiftness                Chrm/Air       #.......     98%         2    ###....
 Throw Frost              Conj/Ice       #.....       98%         2    ###....
 Ozocubu's Armour         Chrm/Ice       #.......     100%        3    ####...
 Spider Form              Tmut/Pois      #.........   100%        3    ####...
 Static Discharge         Conj/Air       #.......     100%        3    ####...
 Airstrike                Air            #.........   100%        4    #####..
 Ice Form                 Ice/Tmut       #.......     100%        4    #####..
 Summon Ice Beast         Ice/Summ       #.......     100%        4    #####..
 Throw Icicle             Conj/Ice       #.......     100%        4    #####..
 Blade Hands              Tmut           #.........   100%        5    ######.
 Lightning Bolt           Conj/Air       #.........   100%        5    ######.


Dungeon Overview and Level Annotations

Branches:
Dungeon (8/15)             Temple (0/1) D:7
   Lair: D:8-11

Altars:
Cheibriados
Dithmenos
Fedhas
Gozag
Hepliaklqana
Kikubaaqudgha
Makhleb
Nemelex Xobeh
Okawaru
Qazlal
Ru
Xom
Yredelemnul
Zin
Beogh

Annotations:
D:3 exclusion: downstairs
D:4 Menkaure
D:7 exclusion: oklob plant


Innate Abilities, Weirdness & Mutations

You have hooves in place of feet.
Armour fits poorly on your strangely shaped body.
You cover ground very quickly.
You have extremely tough skin. (AC +3)
You are partially covered in rugged brown scales. (AC +1, +3% HP)
Scrolls take you a little longer to read.
Your system is resistant to poisons. (rPois)
Your muscles are very strong. (Str +4)


Message History

The orc priest hits you but does no damage.
You barely miss the orc priest. Your kick misses the orc priest.
The orc priest is severely wounded.
The orc priest barely misses you.
Your chain mail prevents you from hitting the orc priest.
Your kick misses the orc priest.
The orc priest is severely wounded.
The orc priest hits you with a +0 whip.
The orc priest invokes the aid of Beogh against you.
Beogh smites you!
* * * LOW HITPOINT WARNING * * *
You hit the orc priest. Your kick misses the orc priest.
The orc priest is almost dead.
The orc priest casts a cantrip, but nothing happens.
You slice the orc priest!!
You kill the orc priest!
Okawaru accepts your kill.
Your Invocations skill increases to level 5!
The ogre hits you with a +0 giant club!!
You die...

##......# #....# #.......###
##......# #....# #.......#
######### #....## #.......# #
#.....# #.......# # #######
#.....# ##.......# # #.....#
#.....###........# # #.....#
#......##.##+#####
####.....#########.PP...#^)######
+#.#.....#.#.#.#@[PPP..^#..#.....
#.#.5o....#.#.#O#.P_....._≈§§....
.#.#O#.#.#>#.#o#..PPP...#.#≈.....
#.#.#.#.#.#.#.#.#.P.....#.^......
'#O#.#.#.#.#.#.#.#.#.#...........
#.#.#.#.#.#.#.#.#.#.#.#+#.#######
o#o#o#.#.#.#.#.#.#.#.#.##.#
#.oo#.#.#.#.#.#.#.#.#.#.#.#
.#.###.#.#.#.#.#.#.#.#.##.#


You could see an ogre and an orc.

Vanquished Creatures
  A hippogriff (D:7)
  A wraith (D:8)
  A hungry ghost (D:7)
  Duvessa (D:5)
  2 black bears
  4 orc warriors
  5 ice beasts
  2 sky beasts
  A phantom (D:8)
  A necrophage (D:8)
  2 centaurs
  2 ogres (D:6)
  An elf zombie (D:8)
  A water moccasin zombie (D:5)
  6 bullfrogs
  Dowan (D:5)
  4 scorpions
  A water moccasin skeleton (D:6)
  A troll zombie (D:8)
  6 howler monkeys
  A centaur zombie (D:6)
  3 crimson imps
  3 human zombies (D:8)
  2 jellies
  2 quasits (D:8)
  8 hounds
  4 orc priests
  6 orc wizards
  A bullfrog skeleton (D:8)
  Jessica (D:2)
  A centaur skeleton (D:8)
  2 human skeletons (D:8)
  An iguana (D:4)
  5 worker ants
  A killer bee zombie (D:8)
  A hound skeleton (D:6)
  3 mummies (D:8)
  A howler monkey zombie (D:6)
  12 gnolls
  4 adders
  2 shadow imps
  An ooze (D:3)
  2 adder skeletons (D:6)
  2 worms
  3 dart slugs
  5 leopard geckos
  28 orcs
  7 bats
  5 giant cockroaches
  7 goblins
  9 hobgoblins
  10 jackals
  10 kobolds
  A quokka (D:2)
  8 frilled lizards
  A jackal skeleton (D:4)
  A jackal zombie (D:6)
  A leopard gecko skeleton (D:6)
  11 rats
  A spectral orc (D:8)
  3 bushes (D:7)
  2 plants (D:7)
226 creatures vanquished.

Vanquished Creatures (collateral kills)
  Sigmund (D:2)
  An adder (D:2)
  A kobold (D:2)
3 creatures vanquished.

Vanquished Creatures (others)
  An orc wizard (D:4)
  A hobgoblin (D:1)
  11 toadstools (D:7)
13 creatures vanquished.

Grand Total: 242 creatures vanquished

Notes
Turn   | Place    | Note
-------+----------+-------------------------------------------
     0 | D:1      | XomisBORING the Centaur Chaos Knight began the quest for
                  | the Orb.
     0 | D:1      | Reached XP level 1. HP: 19/19 MP: 1/1
    62 | D:1      | Reached skill level 3 in Polearms
    71 | D:1      | Reached XP level 2. HP: 19/26 MP: 2/2
   250 | D:1      | XOM: mild Air miscast
   685 | D:2      | XOM: divination: detect items
   696 | D:2      | Reached skill level 4 in Polearms
   696 | D:2      | Reached XP level 3. HP: 14/31 MP: 3/3
   844 | D:1      | XOM: cloud trail
   865 | D:1      | XOM: harmless Necr miscast
   918 | D:2      | Reached XP level 4. HP: 35/38 MP: 4/4
   996 | D:2      | Noticed Jessica
   999 | D:2      | Killed Jessica
  1016 | D:2      | Found a burning altar of Makhleb.
  1084 | D:2      | Noticed Sigmund
  1092 | D:2      | Killed Sigmund
  1092 | D:2      | Reached skill level 5 in Polearms
  1092 | D:2      | Reached XP level 5. HP: 40/45 MP: 5/5
  1285 | D:2      | Found a glowing silver altar of Zin.
  1286 | D:2      | Noticed an Executioner
  1286 | D:2      | Noticed an angel
  1326 | D:2      | Found a faded altar of an unknown god.
  1387 | D:2      | Reached skill level 6 in Polearms
  1454 | D:2      | Found a sacrificial altar of Ru.
  1698 | D:3      | XOM: give mutations
  1698 | D:3      | Gained mutation: Your muscles are strong. (Str +2) [Xom's
                  | grace]
  1698 | D:3      | Gained mutation: You are partially covered in rugged brown
                  | scales. (AC +1, +3% HP) [Xom's grace]
  1935 | D:3      | Reached XP level 6. HP: 52/52 MP: 6/6
  1948 | D:3      | XOM: give mutation
  1948 | D:3      | Gained mutation: Scrolls take you a little longer to read.
                  | [Xom's mischief]
  2280 | D:3      | XOM: severe Tloc miscast
  2359 | D:3      | XOM: silly message
  2773 | D:4      | Reached skill level 7 in Polearms
  2824 | D:4      | Reached XP level 7. HP: 57/58 MP: 7/7
  3139 | D:4      | Found a shimmering altar of Xom.
  3140 | D:4      | Found a hazy altar of Hepliaklqana.
  3141 | D:4      | Noticed a spectral ugly thing
  3289 | D:4      | Noticed Menkaure
  3290 | D:4      | XOM: enchant monster (bad)
  3428 | D:3      | XOM: severe Air miscast
  3759 | D:5      | Entered Level 5 of the Dungeon
  4028 | D:5      | Found a sparkling altar of Nemelex Xobeh.
  4077 | D:5      | XOM: blink monster(s)
  4081 | D:5      | XOM: enchant monster (bad)
  4283 | D:5      | Noticed Duvessa
  4295 | D:5      | Killed Duvessa
  4299 | D:5      | Noticed Dowan
  4340 | D:5      | Killed Dowan
  4340 | D:5      | Reached skill level 8 in Polearms
  4340 | D:5      | Reached XP level 8. HP: 49/64 MP: 8/8
  4427 | D:5      | Found an iron altar of Okawaru.
  4430 | D:5      | Fell from the grace of Xom
  4430 | D:5      | Became a worshipper of Warmaster Okawaru
  4860 | D:6      | Reached skill level 1 in Invocations
  4974 | D:6      | Reached * piety under Okawaru
  5158 | D:6      | XOM: summons 2 hostile demons
  5436 | D:6      | Found a shadowy altar of Dithmenos.
  5546 | D:6      | XOM: summons 11 hostile demons
  5866 | D:6      | Reached skill level 9 in Polearms
  6099 | D:6      | XOM: god gift: 27 gold pieces
  6168 | D:6      | Reached skill level 5 in Armour
  6168 | D:6      | Reached XP level 9. HP: 59/71 MP: 11/11
  6315 | D:6      | Found an opulent altar of Gozag.
  6456 | D:7      | XOM: mild Chrm miscast
  6545 | D:6      | XOM: medium Fire miscast
  6592 | D:6      | XOM: summons 3 hostile shadow creatures
  7080 | D:7      | Reached ** piety under Okawaru
  7535 | D:7      | XOM: noise
  7787 | D:7      | XOM: noise
  7796 | D:7      | Found a blossoming altar of Fedhas.
  7810 | D:7      | Noticed an oklob plant
  7889 | D:7      | Found a shimmering altar of Xom.
  7977 | D:7      | Paralysed by fainting for 8 turns
  8069 | D:7      | XOM: give mutations
  8069 | D:7      | Gained mutation: Your system is resistant to poisons.
                  | (rPois) [Xom's mischief]
  8069 | D:7      | Gained mutation: Your muscles are very strong. (Str +4)
                  | [Xom's mischief]
  8191 | D:7      | Found a staircase to the Ecumenical Temple.
  8279 | D:7      | XOM: mild Ice miscast
  8321 | D:7      | Reached skill level 10 in Polearms
  8325 | D:7      | Found a snail-covered altar of Cheibriados.
  8766 | D:8      | Reached *** piety under Okawaru
  8819 | D:8      | Reached XP level 10. HP: 73/79 MP: 13/13
  8883 | D:8      | Found a basalt altar of Yredelemnul.
  8911 | D:8      | Found a blossoming altar of Fedhas.
  8914 | D:8      | Found a stormy altar of Qazlal.
  8999 | D:8      | Found an ancient bone altar of Kikubaaqudgha.
  9408 | D:8      | Found a roughly hewn altar of Beogh.
  9494 | D:8      | Reached skill level 5 in Invocations
  9494 | D:8      | Slain by an ogre

Vault maps used:
D:1:      lemuel_arrival_hallway
D:2:      minmay_diamond_boxcup, grunt_temple_overflow_order_and_chaos_2,
          lemuel_doored_altar, chequers_ecumenical_altar_simple_redux,
          uniq_jessica, uniq_sigmund
D:4:      regret_index_temple_of_mockery, first_ration, kennysheep_doodads,
          kennysheep_minor_cross, uniq_menkaure
D:5:      kennysheep_mini, nemelex_spade_bored_becter, uniq_duvessa
D:6:      minmay_razor_zed, kennysheep_little_box, kennysheep_mini_moat
D:7:      cheibriados_altar_1, temple_green, basic_altar, supply_closet_lemuel,
          hangedman_abyss_or_decor_slice, tgw_fedhas
D:8:      grunt_temple_overflow_forces_of_nature,
          yredelemnul_forgotten_temple_becter,
          lemuel_mausoleum_altar_kikubaaqudgha, special_room, roderic_lattice_a

Skill      XL: |  1  2  3  4  5  6  7  8  9 10 |
---------------+-------------------------------+-----
Polearms       | 3 4 5 6 7 8 9 10 | 10.5
Armour         | 2 3 5 6 7 |  7.3
Invocations    | 2 4 5 |  5.0
Fighting       | |  3.0
Dodging        | |  0.6

Action                   |  1- 3 |  4- 6 |  7- 9 | 10-12 || total
-------------------------+-------+-------+-------+-------++-------
Melee: Spear             |    76 |    39 |       |       ||   115
       Kick              |     9 |    14 |   115 |    24 ||   162
       Scythe            |       |   142 |   552 |   106 ||   800
Invok: Heroism           |       |       |     3 |     1 ||     4
  Use: Scroll            |       |       |    17 |     2 ||    19
       Potion            |       |       |     3 |     1 ||     4
 Stab: Paralysed         |       |     1 |       |       ||     1
  Eat: Chunk             |       |     5 |    26 |     1 ||    32
       Ration            |       |       |     4 |     1 ||     5
Armor: Leather armour    |    22 |    43 |       |       ||    65
       Chain mail        |       |    36 |   394 |    95 ||   525
       Scale mail        |       |       |   102 |       ||   102
Dodge: Dodged            |    27 |    83 |   179 |    41 ||   330

Table legend:
 A = Non-vault XP
 B = Vault XP
 C = Vault XP percentage of total XP
 D = Non-vault monster count
 E = Vault monster count
 F = Vault count percentage of total count
                 A         B        C        D         E       F
            +---------+---------+-------+---------+---------+-------
      Total |    5584 |    1571 |  22.0 |     182 |      44 |  19.5
            +---------+---------+-------+---------+---------+-------
        D:1 |      24 |       0 |   0.0 |      15 |       0 |   0.0
        D:2 |     146 |     182 |  55.5 |      33 |      12 |  26.7
        D:3 |      47 |       0 |   0.0 |      21 |       0 |   0.0
        D:4 |     544 |       0 |   0.0 |      22 |       0 |   0.0
        D:5 |     290 |     223 |  43.5 |       7 |       2 |  22.2
        D:6 |    1450 |     223 |  13.3 |      29 |      10 |  25.6
        D:7 |    1896 |       0 |   0.0 |      38 |       0 |   0.0
        D:8 |    1187 |     943 |  44.3 |      17 |      20 |  54.1
            +---------+---------+-------+---------+---------+-------
